 Dungeon Crawl Stone Soup version 0.31-a0-618-g7ca08c1ff9 (webtiles) character file.

Game seed: 2862283034512343546

308 freelancePsychic the Magician (level 6, -1/46 HPs)
             Began as a Djinni Shapeshifter on Aug 22, 2023.
             Was an Initiate of Hepliaklqana.
             Slain by a gnoll
             ... wielding a +0 club
              (6 damage)
             ... on level 4 of the Dungeon.
             The game lasted 00:04:50 (2976 turns).

freelancePsychic the Magician (Djinni Shapeshifter) Turns: 2976, Time: 00:04:51

Health: -1/46      AC:  3    Str: 14    XL:     6   Next: 68%
Gold:   254        EV: 12    Int: 12    God:    Hepliaklqana [......] SH:  0 Dex: 13

rFire   + +          .
                       - Unarmed
rCold   x . .        (no shield)
rNeg    . . .        g - +0 leather armour
rPois   ∞            (helmet currently unavailable)
rElec   .            (cloak currently unavailable)
rCorr   .            (gloves currently unavailable)
SInv    .            (boots unavailable)
Will    .....        (no amulet)
Stlth   +            (no ring)
HPRegen 0.27/turn    (no ring)
MPRegen 0.00/turn

%: infuse magic (-2 HP)
@: beast-form, flying, very slightly contaminated
A: beast (slay +1), flying, sickness immunity, fire resistance 2, cold
vulnerability 1, float, innate caster, HP casting, extra vitality 1
a: Begin Untransformation, Renounce Religion


You were on level 4 of the Dungeon.
You worshipped Hepliaklqana.
Hepliaklqana was noncommittal.
You were a hulking beast.
You visited 1 branch of the dungeon, and saw 4 of its levels.

You collected 254 gold pieces.

Inventory:

Armour
 a - a +0 animal skin
 g - a +0 leather armour (worn)
Talismans
 c - a beast talisman (active)
 d - a flux talisman
Wands
 m - a wand of roots (13)
Scrolls
 f - a scroll of enchant weapon
 k - a scroll of vulnerability
Potions
 b - a potion of might {unknown}
 e - a potion of heal wounds {@q2}
 h - 3 potions of mutation


   Skills:
 + Level 3.1 Fighting
 - Level 2.1 Dodging
 - Level 3.0 Unarmed Combat
 * Level 3.8 Spellcasting
 * Level 3.8 Conjurations
 * Level 3.8 Hexes
   Level 0.0 Charms
 * Level 3.8 Summonings
 * Level 3.8 Necromancy
 * Level 3.8 Translocations
 * Level 3.8 Transmutations
 * Level 3.8 Fire Magic
 * Level 3.8 Ice Magic
 * Level 3.8 Air Magic
 * Level 3.8 Earth Magic
 * Level 3.8 Poison Magic
 - Level 2.6 Shapeshifting


You knew the following spells:

 Your Spells              Type           Power      Damage    Failure   Level
a - Sandblast             Erth           22%        2d7       6%          1
b - Poisonous Vapours     Pois/Air       22%        N/A       9%          2
Your spell library was empty.

Dungeon Overview and Level Annotations

Branches:
Dungeon (4/15)
 Temple: D:4-7

Altars:
Ashenzari
Hepliaklqana
Wu Jian

Shops:
D:4 :


Innate Abilities, Weirdness & Mutations

You are a hulking beast.
Your limbs bulge with bestial killing power. (Slay +1)
You are flying.
You are immune to sickness and miasma.
You are immune to poison.
Your flesh is very heat resistant. (rF++)
You are vulnerable to cold. (rC-)
You float through the air rather than walking.
You learn spells naturally, not from books.
Your magical power is your life essence.
You have superior vitality. (+4 MHP)


Message History

The gnoll attacks as it pursues you! The gnoll hits you with a +0 whip.
Unknown command.
Aiming: Poisonous Vapours (safe; 9% risk of failure)
Press: ? - help, Q - select action, (/) - cycle Dir - move target, f - gnoll
Aim: a gnoll, wielding a +0 whip Poisonous vapours surround the gnoll!
The gnoll is poisoned.
Aiming: Poisonous Vapours (safe; 9% risk of failure)
Press: ? - help, Q - select action, (/) - cycle Dir - move target, f/p - gnoll
Aim: a gnoll, wielding a +0 whip (poisoned)
You miscast Poisonous Vapours.
You are very lightly contaminated with residual magic.
Nothing appears to happen.
The gnoll closely misses you.
Casting: Poisonous Vapours (safe; 9% risk of failure)
Confirm with . or Enter, or press ? or * to list all spells.
Aiming: Poisonous Vapours (safe; 9% risk of failure)
Press: ? - help, Dir - move target, f - gnoll, p - gnoll
Aim: a gnoll, wielding a +0 club Poisonous vapours surround the gnoll!
The gnoll is poisoned.
The gnoll hits you with a +0 club! The gnoll hits you with a +0 whip.
Casting: Poisonous Vapours (safe; 9% risk of failure)
Confirm with . or Enter, or press ? or * to list all spells.
Aiming: Sandblast (safe; 6% risk of failure)
Press: ? - help, Shift-Dir - straight line, f/p - gnoll
Aim: a gnoll, wielding a +0 club (lightly wounded, poisoned, 84% to hit)
The blast of sand hits the gnoll.
The gnoll is heavily wounded.
* * * LOW HITPOINT WARNING * * *
The gnoll looks more healthy.
The gnoll barely misses you. x2
The gnoll hits you with a +0 club.
* * * LOW HITPOINT WARNING * * *
The gnoll hits you with a +0 whip.
* * * LOW HITPOINT WARNING * * *
The air fills with toxic fumes!
As you read the scroll of poison, it crumbles to dust.
The gnoll hits you with a +0 club.
* * * LOW HITPOINT WARNING * * *
The gnoll closely misses you. The gnoll attacks as it pursues you!
The gnoll hits you with a +0 club.
You die...

.........# #§§ §§§
........§#####§§§ .§§.
##......§§..§.§§# §§.
#........§§.#§#§##§#
..........#§#§#§§§§##
..#.....§.#§§.§§§§§§##
....#...§§§§#§#g§§§§§#..
........§§§§§g.g§§§§§#..
........§§§§§§##h§§§§§§.
......<.§§§§§.##§§§§§§§.
.†..#...§§§§...#§§§§####
...##..>§§§.....§§§##
...##...§§......§§§§#
...#....§.......§§§§#
...#............§§§##
.............##....#
###.#)#...####.....##


You could see 3 gnolls.

Vanquished Creatures
  Edmund (D:4)
  A scorpion (D:4)
  An iguana (D:4)
  4 adders
  2 dart slugs
  7 endoplasms
  3 giant cockroaches
  4 goblins
  8 hobgoblins
  6 jackals
  4 kobolds
  3 quokkas
  5 ball pythons
  8 bats
  3 frilled lizards
  5 rats
65 creatures vanquished.

Notes
Turn   | Place    | Note
-------+----------+-------------------------------------------
     0 | D:1      | freelancePsychic the Djinni Shapeshifter began the quest
                  | for the Orb.
     0 | D:1      | Reached XP level 1. HP: 17/17 MP: 0/0
   104 | D:1      | Reached skill level 1 in Spellcasting
   104 | D:1      | Reached skill level 1 in Conjurations
   104 | D:1      | Reached skill level 1 in Hexes
   104 | D:1      | Reached skill level 1 in Summonings
   104 | D:1      | Reached skill level 1 in Necromancy
   104 | D:1      | Reached skill level 1 in Translocations
   104 | D:1      | Reached skill level 1 in Transmutations
   104 | D:1      | Reached skill level 1 in Fire Magic
   104 | D:1      | Reached skill level 1 in Ice Magic
   104 | D:1      | Reached skill level 1 in Air Magic
   104 | D:1      | Reached skill level 1 in Earth Magic
   104 | D:1      | Reached skill level 1 in Poison Magic
   104 | D:1      | Reached XP level 2. HP: 17/22 MP: 0/0
   578 | D:1      | Reached XP level 3. HP: 17/27 MP: 0/0
   578 | D:1      | Learned a level 1 spell: Sandblast
  1349 | D:2      | Reached XP level 4. HP: 31/32 MP: 0/0
  2121 | D:3      | Found an ornate altar of the Wu Jian Council.
  2302 | D:3      | Found a hazy altar of Hepliaklqana.
  2304 | D:3      | Found a broken altar of Ashenzari.
  2561 | D:3      | Became a worshipper of Hepliaklqana the Forgotten
  2589 | D:4      | Identified the +0 dire flail "Wuwnucoqif" {distort, rPois
                  | rC+ rN++ Dex-5}
  2660 | D:4      | Reached XP level 5. HP: 29/38 MP: 0/0
  2660 | D:4      | Learned a level 2 spell: Poisonous Vapours
  2740 | D:4      | Found Ceteete's Vocational Training.
  2770 | D:4      | Noticed Edmund
  2808 | D:4      | Killed Edmund
  2809 | D:4      | Reached XP level 6. HP: 16/46 MP: 0/0
  2976 | D:4      | Slain by a gnoll

Illustrated notes

Levels and vault maps discovered:
D:1:      saegor_arrival_simple_a, layout_loops_ring, minmay_door_square,
          minmay_tripent
D:2:      cheibrodos_helix_gallery, layout_basic
D:3:      layout_basic, lemuel_blue_sif_altar, nicolae_overflow_quartered_altars
D:4:      layout_cave_pools, nicolae_ossuary_entry_catacombs,
          minmay_statues_item, nicolae_shop_vocational, uniq_edmund

Skill      XL: |  1  2  3  4  5 |
---------------+----------------+-----
Spellcasting   | 1 2 3 |  3.8
Conjurations   | 1 2 3 |  3.8
Hexes          | 1 2 3 |  3.8
Summonings     | 1 2 3 |  3.8
Necromancy     | 1 2 3 |  3.8
Translocations | 1 2 3 |  3.8
Transmutations | 1 2 3 |  3.8
Fire Magic     | 1 2 3 |  3.8
Ice Magic      | 1 2 3 |  3.8
Air Magic      | 1 2 3 |  3.8
Earth Magic    | 1 2 3 |  3.8
Poison Magic   | 1 2 3 |  3.8
Fighting       | 2 3 |  3.1
Dodging        | |  2.1
Unarmed Combat | |  3.0
Shapeshifting  | |  2.6

Action                     |  1- 3 |  4- 6 || total
---------------------------+-------+-------++-------
  Melee: Unarmed           |    85 |     6 ||    91
         Punch             |     1 |       ||     1
   Cast: Sandblast         |    25 |    59 ||    84
         Poisonous Vapours |       |    19 ||    19
    Use: Potion            |     2 |     2 ||     4
         Scroll            |       |     7 ||     7
   Stab: Sleeping          |     1 |       ||     1
 Armour: Animal skin       |    14 |       ||    14
         Skin              |     4 |     4 ||     8
         Leather armour    |     1 |    16 ||    17
  Dodge: Dodged            |    54 |    38 ||    92

Table legend: (Time is in decaauts)
 A = Elapsed time spent in this place.
 B = Non-inter-level travel time spent in this place.
 C = Inter-level travel time spent in this place.
 D = Time resting spent in this place.
 E = Time spent auto-exploring this place.
 F = Levels seen in this place.
 G = Mean time per level.
                   A        B        C        D        E       F      G
               +--------+--------+--------+--------+--------+-----+--------+
         Total |   3012 |   2854 |    158 |     50 |   2272 |   4 |  753.0 |
       Dungeon |   3012 |   2854 |    158 |     50 |   2272 |   4 |  753.0 |
               +--------+--------+--------+--------+--------+-----+--------+

Top non-repeatable levels by time:
     D:1: 1097 daAuts
     D:2: 930 daAuts
     D:3: 586 daAuts
     D:4: 399 daAuts
